| TOP OF THE 1ST |
|
Tennessee Smokies batting - Pitching for Harrisburg Senators : LHP Mike Tracy
|
|
Pitching: LHP Mike Tracy
|
|
|
Batting: RHB Heef Harted
|
0-0: Foul Ball, location: 2F 0-1: Fly out, F8 (Flyball, 89D, EV 101.9 MPH)
|
|
Batting: LHB Brent Dutcher
|
0-0: Foul Ball, location: 2F 0-1: Ball 1-1: Swinging Strike 1-2: Strikes out swinging
|
|
Batting: RHB Heitaro Tanaka
|
0-0: Ball 1-0: Ball 2-0: Called Strike 2-1: Foul Ball, location: 2F 2-2: Ball 3-2: Base on Balls
|
|
Batting: RHB Bobby Gray
|
0-0: Ball 1-0: Ball 2-0: Called Strike 2-1: Foul Ball, location: 2F 2-2: Ground out 4-3 (Groundball, 4, EV 102.5 MPH)
|
| Top of the 1st over - 0 runs, 0 hits, 0 errors, 1 left on base; Tennessee 0 - Harrisburg 0 |
| BOTTOM OF THE 1ST |
|
Harrisburg Senators batting - Pitching for Tennessee Smokies : RHP Rashid bin Ala'
|
|
Pitching: RHP Rashid bin Ala'
|
|
|
Batting: RHB Marcus Dawson
|
0-0: Ground out 4-3 (Groundball, 4S, EV 80.0 MPH)
|
|
Batting: RHB Felix Torres
|
0-0: SINGLE (Line Drive, 5D, EV 94.4 MPH)
|
|
Batting: RHB Deshawn Boseman
|
0-0: Ball 1-0: Swinging Strike 1-1: Ball Felix Torres steals 2nd base 2-1: DOUBLE (Flyball, 78D, EV 100.6 MPH) Felix Torres scores
|
|
Batting: LHB Shinji Adachi
|
0-0: Ground out 4-3 (Groundball, 4, EV 86.3 MPH) Deshawn Boseman to third
|
|
Batting: RHB Jim Towle
|
0-0: Called Strike 0-1: Ball 1-1: Ball 2-1: Ball 3-1: Base on Balls
|
|
Batting: RHB Brennan Cameron
|
0-0: Ball 1-0: Ball 2-0: Fielders Choice at 2nd, 5-4 (Groundball, 56, EV 105.6 MPH)
|
| Bottom of the 1st over - 1 run, 2 hits, 0 errors, 2 left on base; Tennessee 0 - Harrisburg 1 |
| TOP OF THE 2ND |
|
Tennessee Smokies batting - Pitching for Harrisburg Senators : LHP Mike Tracy
|
|
Batting: LHB Brian Newton
|
0-0: Fly out, F5 (Line Drive, 6, EV 68.1 MPH)
|
|
Batting: RHB Nick Kleckner
|
0-0: Ball 1-0: Swinging Strike 1-1: SINGLE (Flyball, 5D, EV 98.1 MPH)
|
|
Batting: SHB Rich Ranaldi
|
0-0: Called Strike 0-1: Ball 1-1: Ball 2-1: Foul Ball, location: 2F 2-2: Grounds into double play, 4-6-3 (Groundball, 4, EV 103.1 MPH)
|
| Top of the 2nd over - 0 runs, 1 hit, 0 errors, 0 left on base; Tennessee 0 - Harrisburg 1 |
| BOTTOM OF THE 2ND |
|
Harrisburg Senators batting - Pitching for Tennessee Smokies : RHP Rashid bin Ala'
|
|
Batting: LHB Adam Jacobs
|
0-0: Ball 1-0: SINGLE (Line Drive, 9LS, EV 103.1 MPH)
|
|
Batting: RHB Chris Pynn
|
0-0: Ball 1-0: Called Strike 1-1: Ball 2-1: Grounds into double play, 1-6-3 (Groundball, 23, EV 76.3 MPH)
|
|
Pitching: RHP Mike Borell
|
|
|
Batting: RHB Haykuhi Kagramanian
|
0-0: Fly out, F8 (Flyball, 8LM, EV 96.3 MPH)
|
| Bottom of the 2nd over - 0 runs, 1 hit, 0 errors, 0 left on base; Tennessee 0 - Harrisburg 1 |
| TOP OF THE 3RD |
|
Tennessee Smokies batting - Pitching for Harrisburg Senators : LHP Mike Tracy
|
|
Batting: RHB Adam Kelliher
|
0-0: Fly out, F8 (Flyball, 8RD, EV 86.9 MPH)
|
|
Batting: RHB Vij Ramamani
|
0-0: Called Strike 0-1: Foul Ball, location: 2F 0-2: Ball 1-2: Fly out, F3 (Popup, 3F, EV 61.3 MPH)
|
|
Batting: RHB Heef Harted
|
0-0: Ball 1-0: Called Strike 1-1: Ground out 6-3 (Groundball, 6, EV 83.8 MPH)
|
| Top of the 3rd over - 0 runs, 0 hits, 0 errors, 0 left on base; Tennessee 0 - Harrisburg 1 |
| BOTTOM OF THE 3RD |
|
Harrisburg Senators batting - Pitching for Tennessee Smokies : RHP Mike Borell
|
|
Batting: RHB Marcus Dawson
|
0-0: Foul Ball, location: 2F 0-1: Foul Ball, location: 2F 0-2: DOUBLE (Line Drive, 3D, EV 105.6 MPH)
|
|
Batting: RHB Felix Torres
|
0-0: Ball Marcus Dawson steals 3rd base 1-0: Swinging Strike 1-1: Swinging Strike 1-2: SINGLE (Groundball, 56D, EV 100.6 MPH) Marcus Dawson scores
|
|
Batting: RHB Deshawn Boseman
|
0-0: Called Strike 0-1: Fly out, F7 (Flyball, 78S, EV 86.3 MPH)
|
|
Batting: LHB Shinji Adachi
|
0-0: Ball 1-0: Called Strike 1-1: Fly out, F8 (Flyball, 8LXD, EV 85.0 MPH)
|
|
Batting: RHB Jim Towle
|
0-0: Ball 1-0: Called Strike 1-1: Called Strike 1-2: Ball 2-2: Ball 3-2: SINGLE (Groundball, 56D, EV 111.3 MPH) Felix Torres to second Felix Torres to third
|
|
Pitching: RHP Devin Ward
|
|
|
Batting: RHB Brennan Cameron
|
0-0: Ball 1-0: Ball 2-0: Called Strike 2-1: Ball 3-1: Base on Balls Jim Towle to second
|
|
Batting: LHB Adam Jacobs
|
0-0: Ball 1-0: Foul Ball, location: 2F 1-1: Ball 2-1: Foul Ball, location: 2F 2-2: Ball 3-2: Ground out 6-3 (Groundball, 6, EV 88.1 MPH)
|
| Bottom of the 3rd over - 1 run, 3 hits, 0 errors, 3 left on base; Tennessee 0 - Harrisburg 2 |
| TOP OF THE 4TH |
|
Tennessee Smokies batting - Pitching for Harrisburg Senators : LHP Mike Tracy
|
|
Batting: LHB Brent Dutcher
|
0-0: Ball 1-0: Foul Ball, location: 2F 1-1: Ground out 3-1 (Groundball, 34, EV 100.6 MPH)
|
|
Batting: RHB Heitaro Tanaka
|
0-0: Ball 1-0: Fly out, F8 (Flyball, 8RM, EV 90.6 MPH)
|
|
Batting: RHB Bobby Gray
|
0-0: Swinging Strike 0-1: Ball 1-1: Foul Ball, location: 2F 1-2: Foul Ball, location: 2F 1-2: Foul Ball, location: 2F 1-2: Ball 2-2: DOUBLE (Line Drive, 9LS, EV 101.9 MPH)
|
|
Batting: LHB Brian Newton
|
0-0: Ball 1-0: Called Strike 1-1: Foul Ball, location: 2F 1-2: Fly out, F6 (Popup, 6MD, EV 70.0 MPH)
|
| Top of the 4th over - 0 runs, 1 hit, 0 errors, 1 left on base; Tennessee 0 - Harrisburg 2 |
| BOTTOM OF THE 4TH |
|
Harrisburg Senators batting - Pitching for Tennessee Smokies : RHP Devin Ward
|
|
Batting: RHB Chris Pynn
|
0-0: Swinging Strike 0-1: SINGLE (Groundball, 6MD, EV 108.1 MPH)
|
|
Batting: RHB Haykuhi Kagramanian
|
0-0: DOUBLE (Flyball, 8LXD, EV 95.0 MPH) Chris Pynn to third
|
|
Batting: RHB Marcus Dawson
|
0-0: Ball 1-0: Ball 2-0: Ball 3-0: Base on Balls
|
|
Pitching: LHP Nate George
|
|
|
Batting: RHB Felix Torres
|
0-0: Ball 1-0: Ball 2-0: Called Strike 2-1: Called Strike 2-2: Ball 3-2: Foul Ball, location: 2F 3-2: Foul Ball, location: 2F 3-2: DOUBLE (Flyball, 89D, EV 106.9 MPH) Chris Pynn scores Haykuhi Kagramanian scores Marcus Dawson to third
|
|
Batting: RHB Deshawn Boseman
|
0-0: Ball 1-0: SINGLE (Line Drive, 8RM, EV 101.3 MPH) Marcus Dawson scores Felix Torres to third
|
|
Batting: LHB Shinji Adachi
|
0-0: Called Strike 0-1: SINGLE (Groundball, 34S, EV 69.4 MPH) (infield hit) Deshawn Boseman to second
|
|
Batting: RHB Jim Towle
|
0-0: Ball 1-0: Called Strike 1-1: Ball 2-1: Ball 3-1: Called Strike 3-2: Base on Balls Felix Torres scores Deshawn Boseman to third Shinji Adachi to second
|
|
Pitching: RHP Bob Gilliam
|
|
|
Batting: RHB Brennan Cameron
|
0-0: Swinging Strike 0-1: Ball 1-1: Ball 2-1: Foul Ball, location: 2F 2-2: Foul Ball, location: 2F 2-2: Foul Ball, location: 2F 2-2: Strikes out looking
|
|
Batting: LHB Adam Jacobs
|
0-0: SINGLE (Flyball, 8RS, EV 98.8 MPH) Deshawn Boseman scores Shinji Adachi to third Jim Towle to second
|
|
Batting: RHB Chris Pynn
|
0-0: Ball 1-0: SINGLE (Groundball, 4MD, EV 98.1 MPH) Shinji Adachi scores Jim Towle to third Adam Jacobs to second
|
|
Batting: RHB Haykuhi Kagramanian
|
0-0: Ball 1-0: Ball 2-0: Ball 3-0: Called Strike 3-1: Foul Ball, location: 2F 3-2: Strikes out swinging
|
|
Batting: RHB Marcus Dawson
|
0-0: Foul Ball, location: 2F 0-1: SINGLE (Line Drive, 56D, EV 96.3 MPH) Jim Towle scores Adam Jacobs to third Chris Pynn to second Runner from 3rd tries for Home, SAFE, throw by LF to home
|
|
Pitching: RHP Brian Warren
|
|
|
Batting: RHB Felix Torres
|
0-0: Called Strike 0-1: Ball 1-1: Foul Ball, location: 2F 1-2: Ball 2-2: Foul Ball, location: 2F 2-2: SINGLE (Groundball, 6S, EV 61.3 MPH) (infield hit) Chris Pynn to third Marcus Dawson to second
|
|
Batting: RHB Deshawn Boseman
|
0-0: Called Strike 0-1: Ball Balk! Chris Pynn scores Marcus Dawson to third Felix Torres to second 1-1: 3-RUN HOME RUN (Flyball, 7D, EV 96.9 MPH), Distance : 396 ft
|
|
Batting: LHB Shinji Adachi
|
0-0: Swinging Strike 0-1: Ball 1-1: Called Strike 1-2: Strikes out swinging
|
| Bottom of the 4th over - 12 runs, 10 hits, 0 errors, 0 left on base; Tennessee 0 - Harrisburg 14 |
| TOP OF THE 5TH |
|
Tennessee Smokies batting - Pitching for Harrisburg Senators : LHP Mike Tracy
|
|
Batting: RHB Nick Kleckner
|
0-0: Ball 1-0: Ball 2-0: Ball 3-0: Called Strike 3-1: Hit by Pitch
|
|
Batting: SHB Rich Ranaldi
|
0-0: Ball 1-0: Foul Ball, location: 2F 1-1: Swinging Strike 1-2: SINGLE (Line Drive, 78S, EV 91.9 MPH) Nick Kleckner to second
|
|
Batting: RHB Adam Kelliher
|
0-0: Called Strike 0-1: Ball 1-1: Grounds into double play, 4-6-3 (Groundball, 4M, EV 105.0 MPH) Nick Kleckner to third
|
|
Batting: RHB Vij Ramamani
|
0-0: Called Strike 0-1: Ball 1-1: Foul Ball, location: 2F 1-2: Foul Ball, location: 2F 1-2: Ball 2-2: SINGLE (Flyball, 4D, EV 83.1 MPH) Nick Kleckner scores
|
|
Batting: RHB Heef Harted
|
0-0: Ball 1-0: Ball 2-0: Foul Ball, location: 2F 2-1: Fly out, F8 (Flyball, 8LS, EV 81.9 MPH)
|
| Top of the 5th over - 1 run, 2 hits, 0 errors, 1 left on base; Tennessee 1 - Harrisburg 14 |
| BOTTOM OF THE 5TH |
|
Harrisburg Senators batting - Pitching for Tennessee Smokies : RHP Brian Warren
|
|
Batting: RHB Jim Towle
|
0-0: Ground out 6-3 (Groundball, 6, EV 101.9 MPH)
|
|
Batting: RHB Brennan Cameron
|
0-0: Ball 1-0: Ball 2-0: Ball 3-0: Base on Balls
|
|
Batting: LHB Adam Jacobs
|
0-0: Ball 1-0: Ball 2-0: Called Strike 2-1: Fielders Choice at 2nd, 5-4 (Groundball, 5L, EV 80.6 MPH)
|
|
Batting: RHB Chris Pynn
|
0-0: Ball 1-0: Ground out 5-3 (Groundball, 15, EV 81.9 MPH)
|
| Bottom of the 5th over - 0 runs, 0 hits, 0 errors, 1 left on base; Tennessee 1 - Harrisburg 14 |
| TOP OF THE 6TH |
|
Tennessee Smokies batting - Pitching for Harrisburg Senators : LHP Mike Tracy
|
|
Batting: LHB Brent Dutcher
|
0-0: Ball 1-0: Ball 2-0: Ball 3-0: Called Strike 3-1: Swinging Strike 3-2: SINGLE (Line Drive, 6D, EV 95.6 MPH)
|
|
Batting: RHB Heitaro Tanaka
|
0-0: Fly out, F6 (Flyball, 56D, EV 76.3 MPH)
|
|
Batting: RHB Bobby Gray
|
0-0: Foul Ball, location: 2F 0-1: Ball 1-1: Ball 2-1: Ball 3-1: Foul Ball, location: 2F 3-2: Strikes out looking
|
|
Batting: LHB Brian Newton
|
0-0: Ball 1-0: Called Strike 1-1: Foul Ball, location: 2F 1-2: Ball 2-2: Strikes out swinging
|
| Top of the 6th over - 0 runs, 1 hit, 0 errors, 1 left on base; Tennessee 1 - Harrisburg 14 |
| BOTTOM OF THE 6TH |
|
Harrisburg Senators batting - Pitching for Tennessee Smokies : RHP Brian Warren
|
|
Batting: RHB Haykuhi Kagramanian
|
0-0: Ball 1-0: Fly out, F9 (Flyball, 89D, EV 85.6 MPH)
|
|
Batting: RHB Marcus Dawson
|
0-0: Foul Ball, location: 2F 0-1: Ball 1-1: Swinging Strike 1-2: Strikes out swinging
|
|
Batting: RHB Felix Torres
|
0-0: Ball 1-0: Ball 2-0: Ball 3-0: Called Strike 3-1: Swinging Strike 3-2: Ground out 6-3 (Groundball, 6, EV 85.6 MPH)
|
| Bottom of the 6th over - 0 runs, 0 hits, 0 errors, 0 left on base; Tennessee 1 - Harrisburg 14 |
| TOP OF THE 7TH |
|
Tennessee Smokies batting - Pitching for Harrisburg Senators : LHP Mike Tracy
|
|
Batting: RHB Nick Kleckner
|
0-0: Ball 1-0: Ball 2-0: Ball 3-0: Called Strike 3-1: Fly out, F7 (Flyball, 7, EV 83.1 MPH)
|
|
Pitching: RHP Allen Downing
|
|
|
Batting: SHB Rich Ranaldi
|
0-0: Swinging Strike 0-1: Ball 1-1: Swinging Strike 1-2: Strikes out swinging
|
|
Batting: RHB Adam Kelliher
|
0-0: Ball 1-0: Called Strike 1-1: Foul Ball, location: 2F 1-2: Ball 2-2: Ball 3-2: Foul Ball, location: 2F 3-2: Strikes out swinging
|
| Top of the 7th over - 0 runs, 0 hits, 0 errors, 0 left on base; Tennessee 1 - Harrisburg 14 |
| BOTTOM OF THE 7TH |
|
Harrisburg Senators batting - Pitching for Tennessee Smokies : RHP Brian Warren
|
|
Batting: RHB Deshawn Boseman
|
0-0: Ball 1-0: Ball 2-0: Called Strike 2-1: Ball 3-1: Swinging Strike 3-2: Strikes out looking
|
|
Batting: LHB Shinji Adachi
|
0-0: Called Strike 0-1: Ball 1-1: Ball 2-1: Ball 3-1: Called Strike 3-2: Strikes out swinging
|
|
Batting: RHB Jim Towle
|
0-0: Foul Ball, location: 2F 0-1: Ball 1-1: Ball 2-1: Foul Ball, location: 2F 2-2: Ground out 5-3 (Groundball, 56, EV 108.8 MPH)
|
| Bottom of the 7th over - 0 runs, 0 hits, 0 errors, 0 left on base; Tennessee 1 - Harrisburg 14 |
| TOP OF THE 8TH |
|
Tennessee Smokies batting - Pitching for Harrisburg Senators : RHP Allen Downing
|
|
Batting: RHB Vij Ramamani
|
0-0: Called Strike 0-1: Foul Ball, location: 2F 0-2: Ball 1-2: Ball 2-2: Foul Ball, location: 2F 2-2: Ball 3-2: Base on Balls
|
|
Batting: RHB Heef Harted
|
0-0: Ball 1-0: Called Strike 1-1: Foul Ball, location: 2F 1-2: Ball 2-2: Strikes out looking
|
|
Batting: LHB Brent Dutcher
|
0-0: Ball 1-0: Ball 2-0: Called Strike 2-1: Fielders Choice at 2nd, 3-6 (Groundball, 34, EV 102.5 MPH)
|
|
Batting: RHB Heitaro Tanaka
|
0-0: Ball 1-0: Ball 2-0: Ball 3-0: Called Strike 3-1: Foul Ball, location: 2F 3-2: DOUBLE (Flyball, 8LXD, EV 84.4 MPH) Brent Dutcher to third Brent Dutcher scores
|
|
Batting: RHB Bobby Gray
|
0-0: Ball 1-0: Foul Ball, location: 2F 1-1: DOUBLE (Flyball, 8RXD, EV 98.1 MPH) Heitaro Tanaka scores
|
|
Batting: LHB Brian Newton
|
0-0: Called Strike 0-1: Foul Ball, location: 2F 0-2: Ball 1-2: Strikes out swinging
|
| Top of the 8th over - 2 runs, 2 hits, 0 errors, 1 left on base; Tennessee 3 - Harrisburg 14 |
| BOTTOM OF THE 8TH |
|
Harrisburg Senators batting - Pitching for Tennessee Smokies : RHP Brian Warren
|
|
Pitching: RHP Sean Espejo
|
|
|
Batting: RHB Brennan Cameron
|
0-0: Ball 1-0: Called Strike 1-1: Called Strike 1-2: Fly out, F9 (Flyball, 89M, EV 85.6 MPH)
|
|
Batting: LHB Adam Jacobs
|
0-0: Foul Ball, location: 2F 0-1: Ball 1-1: Foul Ball, location: 2F 1-2: Ball 2-2: Foul Ball, location: 2F 2-2: Foul Ball, location: 2F 2-2: Ball 3-2: Foul Ball, location: 2F 3-2: Base on Balls
|
|
Batting: RHB Chris Pynn
|
0-0: Swinging Strike 0-1: Swinging Strike 0-2: Ball 1-2: Ball 2-2: Strikes out swinging
|
|
Batting: RHB Haykuhi Kagramanian
|
0-0: Ball 1-0: Ball 2-0: Called Strike 2-1: Swinging Strike 2-2: Strikes out swinging
|
| Bottom of the 8th over - 0 runs, 0 hits, 0 errors, 1 left on base; Tennessee 3 - Harrisburg 14 |
| TOP OF THE 9TH |
|
Tennessee Smokies batting - Pitching for Harrisburg Senators : RHP Allen Downing
|
|
Batting: RHB Nick Kleckner
|
0-0: Ball 1-0: Foul Ball, location: 2F 1-1: Hit by Pitch
|
|
Pitching: RHP Sam Wood
|
|
|
Batting: SHB Rich Ranaldi
|
0-0: Called Strike 0-1: Ball 1-1: Swinging Strike 1-2: Fly out, F8 (Flyball, 8LM, EV 79.4 MPH)
|
|
Batting: RHB Adam Kelliher
|
0-0: Swinging Strike 0-1: Ball 1-1: Swinging Strike 1-2: Strikes out swinging
|
|
Batting: RHB Vij Ramamani
|
0-0: Ball 1-0: Ball 2-0: Ball 3-0: Base on Balls Nick Kleckner to second
|
|
Batting: RHB Heef Harted
|
0-0: Ball 1-0: SINGLE (Groundball, 6M, EV 103.1 MPH) Nick Kleckner to third Vij Ramamani to second
|
|
Batting: LHB Brent Dutcher
|
0-0: Ball 1-0: Ball 2-0: Ball 3-0: Called Strike 3-1: Base on Balls Nick Kleckner scores Vij Ramamani to third Heef Harted to second
|
|
Batting: RHB Heitaro Tanaka
|
0-0: Ball 1-0: Called Strike 1-1: Ball 2-1: DOUBLE (Groundball, 5L, EV 101.9 MPH) Vij Ramamani scores Heef Harted scores Brent Dutcher to third
|
|
Batting: RHB Bobby Gray
|
0-0: Ball 1-0: Swinging Strike 1-1: Swinging Strike 1-2: Foul Ball, location: 2F 1-2: Strikes out swinging
|
| Top of the 9th over - 3 runs, 2 hits, 0 errors, 2 left on base; Tennessee 6 - Harrisburg 14 |
|